Map: Newkirk Precinct TE (Void)

Players

MoonBeam

  • Race: Protoss Protoss
  • League: Master
  • Spawn Location: 7:00

Railgan - Winner!

  • Race: Terran Terran
  • League: Grandmaster
  • Spawn Location: 5:00

VOD

Have the link to the VOD?

Description

Time

  • Played on: March 4, 2017, 10:21 a.m.
  • Length: 11:26
Show
View Real Time Build Order
Export as new Build Order

MoonBeam Protoss 

Build Orders: 1 Gate Expand 

Get SALT Encoding   

  12  0:01  Probe (Chrono Boost)  
  13  0:11  Probe (Chrono Boost)  
  14  0:18  Pylon  
  14  0:22  Probe (Chrono Boost)  
  15  0:36  Gateway, Probe (Chrono Boost)  
  15  0:42  Assimilator  
  16  0:47  Probe (Chrono Boost)  
  17  0:57  Probe (Chrono Boost)  
  18  1:08  Probe (Chrono Boost)  
  20  1:18  Probe (Chrono Boost)  
  20  1:32  Nexus  
  20  1:40  Cybernetics Core  
  20  1:43  Probe (Chrono Boost)  
  21  1:48  Assimilator  
  21  1:53  Probe (Chrono Boost)  
  22  1:58  Pylon  
  22  2:04  Probe (Chrono Boost)  
  23  2:17  Warp Gate  
  23  2:18  Mothership Core (Chrono Boost), Adept  
  27  2:33  Twilight Council  
  27  2:36  Probe (Chrono Boost)  
  28  2:44  Probe (Chrono Boost)  
  29  2:46  Probe (Chrono Boost)  
  30  2:54  Probe (Chrono Boost)  
  31  2:59  Probe (Chrono Boost)  
  31  3:05  Probe (Chrono Boost)  
  33  3:17  Nexus  
  33  3:22  Probe (Chrono Boost)  
  33  3:26  Stalker  
  36  3:28  Probe (Chrono Boost)  
  36  3:33  Probe (Chrono Boost)  
  38  3:38  Probe (Chrono Boost)  
  39  4:00  Blink  
  39  4:01  Probe x2 (Chrono Boost)  
  40  4:12  Probe x2 (Chrono Boost)  
  42  4:19  Robotics Facility  
  42  4:22  Probe x2 (Chrono Boost)  
  44  4:24  Gateway  
  44  4:26  Sentry  
  44  4:29  Probe (Chrono Boost)  
  47  4:33  Probe (Chrono Boost)  
  47  4:34  Probe (Chrono Boost)  
  47  4:37  Gateway  
  49  4:39  Pylon, Probe (Chrono Boost)  
  49  4:41  Assimilator  
  49  4:44  Probe (Chrono Boost)  
  51  4:46  Assimilator  
  51  4:50  Probe (Chrono Boost)  
  51  4:51  Probe (Chrono Boost)  
  53  4:55  Gateway  
  53  4:58  Probe (Chrono Boost)  
  54  5:02  Pylon  
  54  5:03  Pylon  
  55  5:07  Observer  
  55  5:08  Probe (Chrono Boost)  
  56  5:15  Probe (Chrono Boost)  
  56  5:17  Probe (Chrono Boost)  
  58  5:21  Robotics Facility  
  58  5:23  Robotics Bay  
  58  5:26  Observer  
  58  5:30  Stalker x2  
  63  5:36  Adept  
  63  5:41  Probe (Chrono Boost)  
  63  5:42  Pylon  
  66  5:44  Observer  
  66  5:45  Pylon  
  66  5:49  Pylon  
  67  5:54  Gateway  
  67  5:59  Probe (Chrono Boost)  
  67  6:00  Probe x2 (Chrono Boost)  
  67  6:04  Colossus  
  70  6:10  Pylon, Probe (Chrono Boost)  
  79  6:12  Probe (Chrono Boost)  
  79  6:13  Probe (Chrono Boost)  
  79  6:14  Extended Thermal Lance  
  79  6:16  Colossus  
  85  6:35  Assimilator  
  85  6:39  Assimilator  
  80  6:44  Probe x3 (Chrono Boost)  
  79  6:51  Stalker x4  
  87  6:56  Probe (Chrono Boost)  
  87  6:59  Probe x2 (Chrono Boost)  
  90  7:03  Stargate  
  90  7:08  Probe (Chrono Boost)  
  91  7:11  Probe x2 (Chrono Boost)  
  93  7:20  Probe (Chrono Boost)  
  93  7:22  Pylon  
  95  7:23  Probe (Chrono Boost), Stalker x4  
  95  7:26  Pylon  
  95  7:29  Resonating Glaives  
  103  7:53  Stalker x5  
  111  8:00  Disruptor  
  111  8:01  Warp Prism  
  115  8:17  Nexus  
  92  8:34  Pylon  
  92  8:37  Disruptor  
  57  9:03  Stalker x4  
  57  9:34  Stargate  
  57  9:37  Stargate  
  33  9:56  Assimilator x2  
  33  10:07  Probe (Chrono Boost)  
  34  10:17  Probe (Chrono Boost)  
  35  10:28  Probe (Chrono Boost)  
  34  10:38  Void Ray  
  34  10:39  Probe (Chrono Boost)  
  40  10:51  Probe (Chrono Boost)  
  40  10:57  Nexus  
  40  11:03  Probe (Chrono Boost)  
Show
View Real Time Build Order
Export as new Build Order

Railgan Terran - Winner!

Build Orders: Command Center First (CC), Mech 

Get SALT Encoding   

  12  0:01  SCV  
  13  0:14  SCV  
  14  0:18  Supply Depot  
  14  0:26  SCV  
  15  0:40  SCV  
  16  0:52  SCV  
  17  1:06  Command Center  
  17  1:07  SCV  
  18  1:19  Barracks  
  18  1:20  SCV  
  18  1:25  Refinery  
  19  1:36  SCV  
  19  1:37  Refinery  
  20  1:48  SCV  
  21  2:01  SCV  
  22  2:10  Reaper  
  22  2:13  Orbital Command  
  23  2:19  Orbital Command  
  23  2:32  Factory  
  23  2:39  SCV  
  24  2:45  Marine, SCV  
  24  2:48  Bunker  
  26  2:51  SCV  
  26  2:57  SCV  
  28  3:03  Factory, SCV  
  29  3:09  SCV  
  30  3:15  SCV  
  30  3:16  Barracks Reactor  
  30  3:18  Cyclone  
  34  3:21  SCV  
  34  3:24  Engineering Bay  
  35  3:27  SCV  
  35  3:34  SCV  
  37  3:36  Supply Depot x2  
  37  3:39  SCV  
  38  3:57  SCV  
  38  3:58  SCV  
  38  3:59  Cyclone  
  43  4:10  SCV x2  
  43  4:11  Factory  
  44  4:20  Cyclone  
  44  4:22  SCV x2  
  44  4:23  Supply Depot  
  44  4:24  Supply Depot  
  49  4:26  Supply Depot  
  49  4:32  Refinery x2  
  49  4:33  Barracks Tech Lab  
  49  4:34  SCV x2  
  49  4:37  Starport  
  51  4:46  SCV x2  
  51  4:48  Factory Reactor  
  51  4:50  Hellion  
  57  4:53  Hellion  
  57  4:58  SCV  
  57  4:59  SCV  
  59  5:05  Barracks Reactor, Supply Depot  
  59  5:06  Supply Depot  
  59  5:08  Hellion, Armory  
  59  5:10  SCV  
  59  5:11  Hellion, SCV  
  65  5:19  Missile Turret  
  65  5:22  Missile Turret, Hellion, SCV  
  65  5:23  SCV  
  72  5:29  Supply Depot  
  72  5:30  Medivac  
  72  5:34  Hellion x3, SCV  
  78  5:35  Siege Tank  
  81  5:48  Supply Depot  
  81  5:51  Liberator x2  
  81  5:53  Supply Depot  
  81  5:55  Supply Depot  
  81  6:09  Siege Tank  
  81  6:10  Hellion x3  
  81  6:11  Hellion  
  98  6:19  Supply Depot  
  98  6:20  Supply Depot  
  98  6:39  Cyclone x2  
  104  6:41  Siege Tank  
  104  6:46  Liberator x2  
  101  6:50  Hellion x2  
  107  7:08  Command Center  
  107  7:11  Hellion  
  107  7:14  Hellion x2  
  107  7:15  Siege Tank  
  116  7:29  Command Center  
  116  7:32  Liberator  
  110  7:54  Siege Tank, Hellion x3  
  115  8:09  Hellion  
  117  8:15  Hellion  
  114  8:22  Liberator  
  114  8:23  Widow Mine  
  114  8:26  Siege Tank  
  106  8:28  Hellion, Liberator  
  106  8:30  Hellion  
  95  8:37  Hellion  
  84  8:52  SCV  
  84  8:54  Hellion  
  84  8:55  Hellion  
  86  8:58  Siege Tank  
  85  9:03  SCV  
  85  9:05  Liberator  
  86  9:13  SCV  
  86  9:15  Orbital Command  
  79  9:30  Siege Tank  
  72  9:40  SCV x2  
  74  9:52  Liberator, SCV  
  76  9:53  Liberator, Orbital Command  
  75  10:02  Siege Tank  
  75  10:04  SCV  
  85  10:16  SCV  
  86  10:28  SCV  
  87  10:36  SCV  
  87  10:40  SCV  
  89  10:48  SCV  
  89  10:49  Siege Tank  
  93  10:50  Hellion x2  
  93  10:52  SCV  
  92  11:01  SCV  
  90  11:04  SCV  
  95  11:13  SCV  
Tags
 
Add a new tag
Caveats
  • Supply blocks, unpowered buildings, or Contaminate may cause inaccurate times.
  • Supply counts are checked every 10 seconds.